 Dungeon Crawl Stone Soup version 0.29.1 (webtiles) character file.

Game seed: 2665119527283983069

1127 LustLizard the Firebug (level 8, -6/63 HPs)
             Began as a Hill Orc Fire Elementalist on Sept 14, 2022.
             Was a Follower of Beogh.
             Mangled by Blork the orc
             ... wielding a +3 dire flail of protection
              (12 damage)
             ... on level 6 of the Dungeon.
             The game lasted 00:14:40 (7452 turns).

LustLizard the Firebug (Hill Orc Fire Elementalist) Turns: 7452, Time: 00:14:40

Health: -6/63      AC:  5    Str: 17    XL:     8   Next: 35%
Magic:  6/12       EV: 11    Int: 17    God:    Beogh [*.....]
Gold:   292        SH:  0    Dex: 11    Spells: 5/12 levels left

rFire   . . .      SeeInvis .   d - +0 hand axe
rCold   . . .      Faith    .   (no shield)
rNeg    . . .      Spirit   .   c - +0 leather armour
rPois   .          Reflect  .   (no helmet)
rElec   .          Harm     .   h - scarf {+Inv}
rCorr   .          Rampage  .   g - +0 pair of gloves
Will    .....                   q - +0 pair of boots
Stlth   ++........              (no amulet)
HPRegen 0.20/turn               i - +6 ring of strength
MPRegen 0.13/turn               (no ring)

@: no status effects
A: no striking features
a: Renounce Religion, Evoke Invisibility


You were on level 6 of the Dungeon.
You worshipped Beogh.
Beogh was aware of your devotion.
You visited 1 branch of the dungeon, and saw 6 of its levels.
You also visited: Sewer.

You collected 292 gold pieces.

Inventory:

Hand Weapons
 d - a +0 hand axe (weapon)
 B - a +0 war axe
Missiles
 p - a throwing net
 v - 6 poisoned darts
 C - a curare-tipped dart
Armour
 a - a +0 robe
 c - a +0 leather armour (worn)
 g - a +0 pair of gloves (worn)
 h - a scarf of invisibility (worn)
 q - a +0 pair of boots (worn)
Jewellery
 i - a +6 ring of strength (left hand)
 j - an amulet of faith
 s - a ring of flight
Wands
 m - a wand of digging (13)
Scrolls
 e - 5 scrolls of teleportation
 u - 2 scrolls of torment {unknown}
 w - a scroll of fog {unknown}
 y - 2 scrolls of amnesia {unknown}
 z - a scroll of immolation {unknown}
Potions
 b - a potion of magic
 f - 2 potions of attraction
 k - 2 potions of flight
 l - a potion of invisibility
 n - a potion of degeneration
 o - 2 potions of might
 r - a potion of lignification {unknown}
 t - a potion of experience {unknown}
 x - a potion of brilliance {unknown}
 A - 2 potions of curing {unknown}


   Skills:
 + Level 3.3 Fighting
 + Level 3.6 Axes
 - Level 1.5 Dodging
 - Level 4.0 Stealth
 + Level 2.7 Spellcasting
 * Level 4.2 Conjurations
 - Level 5.6 Fire Magic
 * Level 2.6 Ice Magic
 + Level 1.0 Invocations


You had 5 spell levels left.
You knew the following spells:

 Your Spells              Type           Power      Damage    Failure   Level
a - Foxfire               Conj/Fire      76%        2x1d7     3%          1
b - Conjure Flame         Conj/Fire      19%        6-21      9%          3
c - Ozocubu's Armour      Ice            11%        N/A       22%         3

Your spell library contained the following spells:

 Spells                   Type           Power      Damage    Failure   Level
 Scorch                   Fire           42%        2d7       3%          2
 Ensorcelled Hibernation  Hex/Ice        12%        N/A       19%         2
 Necrotise                Necr           8%         1d4       22%         1
 Inner Flame              Hex/Fire       11%        N/A       22%         3
 Flame Wave               Conj/Fire      19%        2d7       28%         4
 Passwall                 Tmut/Erth      1%         N/A       32%         2
 Gell's Gravitas          Tloc           2%         N/A       54%         3
 Lesser Beckoning         Tloc           2%         N/A       54%         3
 Swiftness                Air            2%         N/A       54%         3
 Teleport Other           Tloc           2%         N/A       54%         3
 Vampiric Draining        Necr           2%         2d6       54%         3
 Metabolic Englaciation   Hex/Ice        3%         N/A       98%         5
 Agony                    Necr           2%         N/A       99%         5
 Simulacrum               Ice/Necr       3%         N/A       100%        6


Dungeon Overview and Level Annotations

Branches:
Dungeon (6/15)             Temple (0/1) D:4           Sewer (visited)

Altars:
Cheibriados
Elyvilon
Vehumet
Xom
Zin
The Shining One

Annotations:
D:6 Blork the orc


Message History

You destroy the wight!
Beogh accepts your kill.
Your life force feels restored.
Your Invocations skill increases to level 1!
Unknown command.
Casting: Foxfire (safe; 3% risk of failure)
Confirm with . or Enter, or press ? or * to list all spells.
You conjure some foxfire!
The foxfire hits Blork the orc.
Blork the orc is lightly wounded.
The foxfire hits Blork the orc.
Blork the orc is moderately wounded.
Blork the orc barely misses you.
You hit Blork the orc but do no damage.
Blork the orc is moderately wounded.
The foxfire hits Blork the orc.
Blork the orc is moderately wounded.
The foxfire hits Blork the orc but does no damage.
Blork the orc is moderately wounded.
Blork the orc hits you with a +3 dire flail of protection!
Casting: Foxfire (safe; 3% risk of failure)
Confirm with . or Enter, or press ? or * to list all spells.
You conjure some foxfire!
Blork the orc closely misses you.
Blork the orc gestures at you while chanting.
The magic dart hits you!
You hit Blork the orc.
Blork the orc is heavily wounded.
The foxfire hits Blork the orc.
Blork the orc is severely wounded.
The foxfire hits Blork the orc.
Blork the orc is severely wounded.
Blork the orc hits you with a +3 dire flail of protection.
* * * LOW HITPOINT WARNING * * *
Blork the orc hits you with a +3 dire flail of protection!
* * * LOW HITPOINT WARNING * * *
Casting: Foxfire (safe; 3% risk of failure)
Confirm with . or Enter, or press ? or * to list all spells.
You conjure some foxfire!
Blork the orc hits you with a +3 dire flail of protection!
You die...
Beogh appreciates Blork the orc's killing of a heretic priest.

........######.#
####'#### #o# #.
#.# .> ######z#
#.# #...##.# #.#
#.#.##.# #.#
#.#....#
#.####v).####
#.#..@o#.#
#.#.##v#.#
#.#..#...#
##.##'#####
#......# #......+
# #......## #.# #.
###.........# #.#
#.####.†.........#
#.#


You could see Blork the orc (fast, ally target).

Vanquished Creatures
  Eustachio (D:4)
  An ice beast (D:6)
  A kobold brigand (D:5)
  A scorpion (D:5)
  A wight (D:6)
  2 jellies
  An orc priest (D:6)
  Crazy Yiuf (D:2)
  3 hounds
  4 iguanas
  Natasha (thrice) (D:2)
  3 orc wizards
  A hell rat (Sewer)
  3 gnolls (D:3)
  2 river rats (Sewer)
  7 adders
  2 white imps (D:5)
  2 worms
  2 dart slugs
  8 orcs
  3 ball pythons
  9 bats
  3 endoplasms
  5 giant cockroaches
  8 goblins
  6 hobgoblins
  7 jackals
  5 kobolds
  7 quokkas
  3 frilled lizards
  12 rats
117 creatures vanquished.

Vanquished Creatures (others)
  389 foxfires
389 creatures vanquished.

Grand Total: 506 creatures vanquished

Notes
Turn   | Place    | Note
-------+----------+-------------------------------------------
     0 | D:1      | LustLizard the Hill Orc Fire Elementalist began the quest
                  | for the Orb.
     0 | D:1      | Reached XP level 1. HP: 14/14 MP: 3/3
   123 | D:1      | Reached XP level 2. HP: 7/22 MP: 0/4
   795 | D:1      | Found a faded altar of an unknown god.
  1040 | D:1      | Reached XP level 3. HP: 27/27 MP: 3/5
  1253 | D:2      | Reached skill level 1 in Axes
  1302 | D:2      | Reached skill level 1 in Fighting
  1445 | D:2      | Reached XP level 4. HP: 35/35 MP: 2/6
  1487 | D:2      | Noticed Natasha
  1495 | D:2      | Killed Natasha
  1607 | D:2      | Reached skill level 4 in Fire Magic
  1684 | D:2      | Noticed Natasha
  1694 | D:2      | Killed Natasha
  1701 | D:2      | Noticed Natasha
  1728 | D:2      | Killed Natasha
  1729 | D:2      | Reached XP level 5. HP: 2/40 MP: 1/7
  2128 | D:2      | Found a runed translucent door.
  2129 | D:2      | Noticed Crazy Yiuf
  2310 | D:2      | Learned a level 3 spell: Conjure Flame
  2325 | D:2      | HP: 1/40 [Crazy Yiuf/+2 quarterstaff of chaos (11)]
  2326 | D:2      | Killed Crazy Yiuf
  3019 | D:3      | Reached XP level 6. HP: 48/48 MP: 7/9
  3219 | D:3      | Became a worshipper of Beogh the Brigand
  3871 | D:4      | Found a radiant altar of Vehumet.
  3970 | D:4      | Found a staircase to the Ecumenical Temple.
  3983 | D:4      | Learned a level 3 spell: Ozocubu's Armour
  4494 | D:4      | Noticed Eustachio
  4732 | D:5      | Entered Level 5 of the Dungeon
  4812 | D:5      | Found a white marble altar of Elyvilon.
  4812 | D:5      | Found a glowing golden altar of the Shining One.
  4812 | D:5      | Found a glowing silver altar of Zin.
  4864 | D:5      | Found a snail-covered altar of Cheibriados.
  4864 | D:5      | Found a shimmering altar of Xom.
  4959 | D:5      | Found a glowing drain.
  4968 | Sewer    | Entered a sewer
  5163 | Sewer    | Reached * piety under Beogh
  5223 | Sewer    | Reached XP level 7. HP: 38/55 MP: 5/10
  5436 | D:5      | Reached skill level 1 in Ice Magic
  5731 | D:5      | Reached skill level 5 in Fire Magic
  6326 | D:4      | Killed Eustachio
  6637 | D:6      | Noticed a vampire
  6655 | D:5      | Reached XP level 8. HP: 9/63 MP: 6/11
  7418 | D:6      | Noticed Blork the orc
  7448 | D:6      | Reached skill level 1 in Invocations
  7452 | D:6      | Mangled by Blork the orc

Illustrated notes

Levels and vault maps discovered:
D:1:      zelgadis_glass_arrival_small, layout_basic, basic_ecumenical_altar
D:2:      layout_rooms, uniq_crazy_yiuf_cottage, uniq_natasha
D:3:      layout_basic
D:4:      layout_loops_corners, general_overflow_altar,
          minmay_temple_entry_offerings, uniq_eustachio
D:5:      layout_cave_pods, dreamdust_divine_triumvirate,
          gammafunk_temple_overflow_statue, gup_sewer_entry_bubbles
D:6:      layout_basic, serial_shops, shop, uniq_blork_the_orc

Skill      XL: |  1  2  3  4  5  6  7  8 |
---------------+-------------------------+-----
Axes           | 1 2 3 |  3.6
Fighting       | 1 2 3 |  3.3
Stealth        | 2 3 4 |  4.0
Fire Magic     | 4 5 |  5.6
Conjurations   | 2 3 4 |  4.2
Spellcasting   | 2 |  2.7
Ice Magic      | 2 |  2.6
Invocations    | 1 |  1.0
Dodging        | |  1.5

Action                   |  1- 3 |  4- 6 |  7- 9 || total
-------------------------+-------+-------+-------++-------
Melee: Hand axe          |    19 |    70 |    35 ||   124
       Unarmed           |     1 |       |       ||     1
 Cast: Foxfire           |    39 |   106 |    80 ||   225
Invok: Convert to Beogh  |       |     1 |       ||     1
  Use: Scroll            |     1 |     5 |       ||     6
 Stab: Sleeping          |     2 |     4 |       ||     6
Armor: Robe              |     8 |     9 |       ||    17
       Leather armour    |       |       |     8 ||     8
Dodge: Dodged            |    25 |    44 |    37 ||   106
